 Dungeon Crawl Stone Soup version 0.31-a0-702-gf82c85558f (webtiles) character file.

Game seed: 6307871664922726890

15886 Newt the Markskobold (level 12, -7/72 HPs)
             Began as a Kobold Hunter on Sept 8, 2023.
             Was an Elder of Hepliaklqana.
             Killed from afar by Jorgrun (28 damage)
             ... with an entropic shot
             ... on level 12 of the Dungeon.
             The game lasted 00:16:14 (13202 turns).

Newt the Markskobold (Kobold Hunter)               Turns: 13202, Time: 00:16:15

Health: -7/72      AC:  8    Str:  8    XL:     12   Next: 63%
Magic:  0/16       EV: 27    Int: 11    God:    Hepliaklqana [****..]
Gold:   509        SH:  0    Dex: 23    Spells: 11/11 levels left

rFire   . . .        a - +0 shortbow
rCold   . . .        (shield currently unavailable)
rNeg    + . .        G - +0 troll leather armour
rPois   +            J - +1 helmet of Dishonesty {+Blink rPois rN+ Stlth-}
rElec   .            (no cloak)
rCorr   .            q - +0 pair of gloves
SInv    +            p - +2 pair of boots
Will    .....        h - amulet of guardian spirit
Stlth   ++           C - +5 ring of evasion
HPRegen 1.12/turn    e - ring of see invisible
MPRegen 0.15/turn

%: guardian spirit
@: hasted, very quick
A: reduced essence, small, no large weapons, nightstalker 3, deformed body,
noise suppression
a: Renounce Religion, Evoke Blink, Recall Ancestor, Ancestor Identity,
Transference, Idealise


You were on level 12 of the Dungeon.
You worshipped Hepliaklqana.
Hepliaklqana was greatly pleased with you.
You visited 2 branches of the dungeon, and saw 13 of its levels.

You collected 509 gold pieces.

Inventory:

Hand Weapons
 a - a +0 shortbow (weapon)
Armour
 c - a +0 leather armour
 i - +0 acid dragon scales
 p - a +2 pair of boots (worn)
 q - a +0 pair of gloves (worn)
 w - +1 storm dragon scales
 y - +0 steam dragon scales
 E - a +0 helmet
 G - a +0 troll leather armour (worn)
 J - the +1 helmet of Dishonesty (worn) {+Blink rPois rN+ Stlth-}
   (You acquired it on level 11 of the Dungeon)

   rPois:     It protects you from poison rN+: It protects you from negative
   energy.
   +Blink:    It lets you blink.
   Stlth-:    It makes you less stealthy.
Jewellery
 e - a ring of see invisible (right hand)
 f - a ring of resist corrosion
 h - an amulet of guardian spirit (around neck)
 l - a ring of wizardry
 s - a ring of protection from fire
 x - a ring of fire
 A - a ring of willpower
 C - a +5 ring of evasion (left hand)
 H - a +6 ring of strength
Wands
 r - a wand of digging (4)
 I - a wand of flame (10)
Scrolls
 k - 3 scrolls of immolation
 o - 2 scrolls of vulnerability
 u - 3 scrolls of fear
Potions
 d - 2 potions of curing
 g - 2 potions of brilliance
 j - 2 potions of magic
 m - a potion of degeneration
 n - a potion of mutation
 t - 2 potions of haste
 v - a potion of lignification
 z - a potion of might
 F - a potion of ambrosia {unknown}


   Skills:
 - Level 12.0 Fighting
 - Level 15.0 Ranged Weapons
 - Level 5.0 Armour
 - Level 10.0 Dodging
 - Level 1.3 Stealth
 + Level 6.4 Invocations
 - Level 5.0 Evocations


You had 11 spell levels left.
You didn't know any spells.
Your spell library contained the following spells:

 Spells                   Type           Power      Damage    Failure   Level
 Kiss of Death            Conj/Necr      0%         2d5       43%         1
 Summon Small Mammal      Summ           0%         N/A       43%         1
 Blink                    Tloc           0%         N/A       58%         2
 Cigotuvi's Dreadful Rot  Necr/Pois/Air  0%         N/A       58%         2
 Call Canine Familiar     Summ           0%         N/A       82%         3
 Confusing Touch          Hex            0%         N/A       82%         3
 Dazzling Flash           Conj/Hex       0%         N/A       82%         3
 Ignite Poison            Fire/Tmut/Pois 0%         N/A       82%         3
 Inner Flame              Hex/Fire       0%         N/A       82%         3
 Summon Guardian Golem    Hex/Summ       0%         N/A       82%         3
 Animate Armour           Summ/Erth      0%         N/A       99%         4
 Dispel Undead            Necr           0%         3d6       99%         4
 Flame Wave               Conj/Fire      0%         2d4       99%         4
 Manifold Assault         Tloc           0%         N/A       99%         4
 Sticky Flame             Conj/Fire      0%         2d3       99%         4
 Summon Lightning Spire   Summ/Air       0%         N/A       99%         4
 Vhi's Electric Charge    Tloc/Air       0%         N/A       99%         4
 Agony                    Necr           0%         N/A       100%        5
 Arcjolt                  Conj/Air       0%         1d10      100%        5
 Borgnjor's Vile Clutch   Necr/Erth      0%         N/A       100%        5
 Lee's Rapid Deconstruct  Erth           0%         3d4*      100%        5
 Silence                  Hex/Air        0%         N/A       100%        5
 Summon Mana Viper        Hex/Summ       0%         N/A       100%        5
 Yara's Violent Unravell  Hex/Tmut       0%         3d3       100%        5
 Enfeeble                 Hex            0%         N/A       100%        7
 Ignition                 Fire           0%         3d3       100%        8
 Maxwell's Capacitive Co  Air            0%         ∞         100%        8


Dungeon Overview and Level Annotations

Branches:
Dungeon (12/15)            Temple (1/1) D:4            Lair (0/5) D:9
    Orc (0/2) D:10

Altars:
Ashenzari
Cheibriados
Dithmenos
Elyvilon
Fedhas
Gozag
Hepliaklqana
Kikubaaqudgha
Makhleb
Nemelex Xobeh
Okawaru
Qazlal
Sif Muna
Trog
Uskayaw
Vehumet
Wu Jian
Xom
Yredelemnul
Zin
The Shining One

Shops:
D:5 :   D:7 **

Annotations:
D:12 Jorgrun


Innate Abilities, Weirdness & Mutations

Your life essence is reduced to manifest your ancestor. (-10% HP)
You are small and have problems with some larger weapons.
You are completely attuned to the shadows.
Armour fits poorly on your strangely shaped body.
You passively dampen the noise of your surroundings.


Message History

Aim: Jorgrun, wielding a +0 heavy quarterstaff and wearing a +2 robe of resistance (severely wounded, entangled in a net, 90% to hit)
You shoot an arrow.
The arrow hits Jorgrun but does no damage.
Jorgrun is severely wounded.
Jorgrun struggles against the net.
Unknown command.
Fire: a) +0 shortbow
Press: ? - help, Shift-Dir - straight line, f/p - Jorgrun
Aim: Jorgrun, wielding a +0 heavy quarterstaff and wearing a +2 robe of resistance (severely wounded, entangled in a net, 90% to hit)
You shoot an arrow. The arrow hits Jorgrun.
Jorgrun is almost dead.
Unknown command.
Unknown command.
Fire: a) +0 shortbow
Press: ? - help, Shift-Dir - straight line, f/p - Jorgrun
Aim: Jorgrun, wielding a +0 heavy quarterstaff and wearing a +2 robe of resistance (almost dead, entangled in a net, 90% to hit)
You shoot an arrow. The arrow hits Jorgrun!
Jorgrun is almost dead.
Jorgrun struggles against the net.
The net rips apart, and Jorgrun comes free!
Fire: a) +0 shortbow
Press: ? - help, Shift-Dir - straight line, f/p - Jorgrun
Aim: Jorgrun, wielding a +0 heavy quarterstaff and wearing a +2 robe of resistance (almost dead, 62% to hit)
You shoot an arrow. The arrow barely misses Jorgrun.
Unknown command.
Unknown command.
Fire: a) +0 shortbow
Press: ? - help, Shift-Dir - straight line, f/p - Jorgrun
Aim: Jorgrun, wielding a +0 heavy quarterstaff and wearing a +2 robe of resistance (almost dead, 62% to hit)
You shoot an arrow. The arrow barely misses Jorgrun.
Unknown command.
Unknown command.
Fire: a) +0 shortbow
Press: ? - help, Shift-Dir - straight line, f/p - Jorgrun
Aim: Jorgrun, wielding a +0 heavy quarterstaff and wearing a +2 robe of resistance (almost dead, 62% to hit)
You shoot an arrow. The arrow hits Jorgrun.
Jorgrun is almost dead.
Jorgrun gestures at you while chanting. The entropic shot hits you!!
You die...

...)####'###...##
..........##...##
....##....<#....#
######.....#....#
#......#....#
#.....##...######
#.....##...##...##
##....##.........#
#######....@....#
#..........#
#.....g....#
#..........#
####'####.##########
#..#.####)####.....##
#........)..........#
#...................#
#...................#


You could see Jorgrun.

Vanquished Creatures
  2 boulder beetles
  A centaur warrior (D:12)
  3 two-headed ogres
  Urug (D:12)
  Pikel (D:5)
  A manticore (D:12)
  Maggie (D:7)
  2 unseen horrors
  The ghost of GreenGuy14 the Insei, a novice GnSh (D:4)
  2 kobold demonologists (D:11)
  6 trolls
  Prince Ribbit (D:9)
  A hornet (D:7)
  A wyvern (D:9)
  A vampire (D:10)
  2 shadows (D:12)
  Eustachio (D:4)
  2 yaks (D:9)
  A steam dragon (D:8)
  An unseen horror simulacrum (D:9)
  Menkaure (D:4)
  2 acid dragons
  5 orc warriors
  5 ice beasts
  A black bear (D:5)
  2 ogres
  A lemure (D:5)
  8 centaurs
  A phantom (D:6)
  A kobold brigand (D:9)
  2 bullfrogs
  5 scorpions
  3 wights (D:9)
  15 killer bees
  2 electric eels (D:9)
  3 howler monkeys (D:8)
  3 hounds
  3 jellies (D:6)
  6 orc priests
  Jessica (D:3)
  An iguana (D:5)
  6 orc wizards
  2 sleepcaps
  2 centaur simulacra (D:9)
  A howler monkey skeleton (D:4)
  3 adders
  3 shadow imps
  2 white imps (D:7)
  2 ufetubi
  2 dart slugs
  20 orcs
  5 bats
  5 endoplasms
  4 giant cockroaches
  4 goblins
  11 hobgoblins
  3 jackals (D:4)
  5 quokkas
  5 ball pythons
  3 frilled lizards
  10 kobolds
  4 rats
205 creatures vanquished.

Vanquished Creatures (collateral kills)
  A kobold demonologist (D:11)
  A troll (D:11)
  A vampire (D:10)
  A yak (D:9)
  An acid dragon (D:11)
  An ice beast (D:6)
  A centaur (D:8)
  An ogre (D:7)
  A kobold brigand (D:8)
  A wyvern zombie (D:4)
  2 wights (D:9)
  5 killer bees
  A howler monkey (D:8)
  2 bullfrog skeletons (D:4)
  A hound (D:6)
  2 orc priests
  2 sleepcaps (D:6)
  An orc wizard (D:12)
  A centaur simulacrum (D:9)
  10 orcs
  A kobold (D:8)
38 creatures vanquished.

Vanquished Creatures (others)
  7 knights
  An ancestor (D:7)
8 creatures vanquished.

Grand Total: 251 creatures vanquished

Notes
Turn   | Place    | Note
-------+----------+-------------------------------------------
     0 | D:1      | Newt the Kobold Hunter began the quest for the Orb.
     0 | D:1      | Reached XP level 1. HP: 12/12 MP: 1/1
   159 | D:1      | Reached XP level 2. HP: 18/18 MP: 2/2
   347 | D:1      | Reached XP level 3. HP: 23/23 MP: 3/3
  1146 | D:2      | Reached XP level 4. HP: 30/30 MP: 4/4
  1312 | D:3      | Noticed a scorpion
  1318 | D:3      | Killed a scorpion
  1319 | D:3      | Reached skill level 5 in Fighting
  1319 | D:3      | Reached skill level 6 in Ranged Weapons
  1319 | D:3      | Reached XP level 5. HP: 31/35 MP: 3/5
  1373 | D:3      | Noticed Jessica
  1383 | D:3      | Killed Jessica
  1811 | D:3      | Found a faded altar of an unknown god.
  1971 | D:4      | Noticed an ogre
  1972 | D:4      | Noticed Eustachio
  1973 | D:4      | Noticed an ogre
  1979 | D:3      | Killed an ogre
  1980 | D:3      | Reached skill level 7 in Ranged Weapons
  1980 | D:3      | Reached XP level 6. HP: 7/40 MP: 1/6
  2446 | D:4      | Reached skill level 8 in Ranged Weapons
  2582 | D:4      | Found a staircase to the Ecumenical Temple.
  2586 | D:4      | Noticed Menkaure
  2589 | D:4      | Killed Menkaure
  2590 | D:4      | Reached skill level 9 in Ranged Weapons
  2590 | D:4      | Reached XP level 7. HP: 44/44 MP: 7/7
  2594 | Temple   | Entered the Ecumenical Temple
  2606 | Temple   | Became a worshipper of Hepliaklqana the Forgotten
  2690 | D:4      | Killed Eustachio
  2691 | D:4      | Reached skill level 10 in Ranged Weapons
  3044 | D:4      | Found a transporter.
  3048 | D:4      | Found a transporter.
  3188 | D:5      | Entered Level 5 of the Dungeon
  3198 | D:5      | Noticed Pikel
  3208 | D:5      | Killed Pikel
  3209 | D:5      | Reached XP level 8. HP: 28/49 MP: 6/8
  3522 | D:5      | Reached skill level 5 in Evocations
  3582 | D:5      | Found Urinid's Book Shoppe.
  3725 | D:5      | Reached * piety under Hepliaklqana
  4182 | D:6      | Reached XP level 9. HP: 49/49 MP: 9/9
  4736 | D:6      | Found a glowing golden altar of the Shining One.
  5020 | D:6      | Found an ornate altar of the Wu Jian Council.
  5863 | D:7      | Reached skill level 11 in Ranged Weapons
  5880 | D:7      | Noticed a hornet
  5908 | D:7      | Killed a hornet
  5909 | D:7      | Reached skill level 12 in Ranged Weapons
  6403 | D:7      | Found a burning altar of Makhleb.
  6449 | D:7      | Identified the +2 hand axe of Antique Honour {freeze, rPois
                  | Str+3}
  6455 | D:7      | Noticed Maggie
  6471 | D:7      | Gained mutation: Armour fits poorly on your strangely
                  | shaped body. [potion of mutation]
  6471 | D:7      | Gained mutation: You passively dampen the noise of your
                  | surroundings. [potion of mutation]
  6473 | D:7      | Killed Maggie
  6474 | D:7      | Reached skill level 13 in Ranged Weapons
  6474 | D:7      | Reached XP level 10. HP: 12/57 MP: 2/10
  6850 | D:7      | Found Velul's Specific Store.
  6851 | D:7      | Found Ovoh's General Store.
  6965 | D:7      | Reached ** piety under Hepliaklqana
  7105 | D:7      | Remembered your ancestor Sunngifu as a knight
  7587 | D:8      | Reached skill level 14 in Ranged Weapons
  8420 | D:9      | Reached skill level 15 in Ranged Weapons
  8435 | D:9      | Reached skill level 1 in Armour
  8542 | D:9      | Reached *** piety under Hepliaklqana
  8839 | D:9      | Noticed a two-headed ogre
  8849 | D:9      | Killed a two-headed ogre
  8874 | D:9      | Noticed Prince Ribbit
  8887 | D:9      | Killed Prince Ribbit
  9080 | D:9      | Reached XP level 11. HP: 44/61 MP: 8/11
  9095 | D:9      | Reached skill level 5 in Armour
  9581 | D:9      | Found a staircase to the Lair.
  9610 | D:9      | Found a broken altar of Ashenzari.
 10046 | D:4      | Noticed GreenGuy14's ghost (novice GnSh)
 10065 | D:4      | Killed GreenGuy14's ghost
 10244 | D:10     | Entered Level 10 of the Dungeon
 10558 | D:10     | Reached skill level 10 in Dodging
 11005 | D:10     | Reached **** piety under Hepliaklqana
 11127 | D:10     | Noticed a two-headed ogre
 11138 | D:10     | Killed a two-headed ogre
 11208 | D:10     | Found a staircase to the Orcish Mines.
 11305 | D:11     | Identified the +0 ring mail of Wuass {rCorr SInv}
 11423 | D:11     | Noticed a boulder beetle
 11510 | D:11     | Reached skill level 10 in Fighting
 11609 | D:11     | Killed a boulder beetle
 11610 | D:11     | Reached XP level 12. HP: 47/71 MP: 5/12
 11663 | D:11     | Got Sif Muna's Anthology of Zombies and the Throng
 11797 | D:11     | Identified a scroll of acquirement
 11797 | D:11     | Acquired the +1 helmet of Dishonesty {+Blink rPois rN+
                  | Stlth-}
 12326 | D:12     | Noticed a boulder beetle
 12385 | D:12     | Killed a boulder beetle
 12476 | D:12     | Noticed a two-headed ogre
 12484 | D:12     | Killed a two-headed ogre
 12753 | D:12     | Noticed a centaur warrior
 12764 | D:12     | Killed a centaur warrior
 12765 | D:12     | Reached skill level 5 in Invocations
 12834 | D:12     | Noticed Jorgrun
 12980 | D:12     | Noticed Urug
 12992 | D:12     | Killed Urug
 13202 | D:12     | Killed from afar by Jorgrun

Illustrated notes

Levels and vault maps discovered:
D:1:      amcnicky_arrival_abandoned_market, layout_basic
D:2:      layout_rooms, serial_bayou_pond_c
D:3:      layout_loops_ring, basic_ecumenical_altar, uniq_jessica
D:4:      layout_rooms, minmay_temple_entry_glass, gammafunk_ghost_mausoleum,
          uniq_eustachio, uniq_menkaure
D:5:      layout_loops_ring, serial_shops, shop, uniq_pikel
D:6:      layout_basic, lemuel_coloured_pillars_altar,
          nicolae_tso_carved_into_rock, lemuel_tele_altar
D:7:      layout_loops_cross, mainiacjoe_overflow_boulevard,
          nicolae_concentric_dashed_squares_mild,
          corexii_mini_fake_secret_closet, nicolae_specific_store,
          grunt_ministairs_12, nicolae_the_louvre, uniq_maggie
D:8:      layout_loops_cross, nicolae_fountain_basement
D:9:      layout_gridville, cheibrodos_ashenzari_chains, lair_entry_dummy,
          serial_ice, serial_ice_o, serial_ice_k, serial_ice_f, serial_ice_h,
          serial_ice_b, minmay_joined_circles, uniq_prince_ribbit1
D:10:     wander_river, layout_irregular_city, david_orc_3, nzn_life_drinkers
D:11:     layout_long_grid
D:12:     minmay_bubble_buster, layout_gridville, uniq_urug, uniq_jorgrun
Temple:   nicolae_temple_bog_church

Skill      XL: |  1  2  3  4  5  6  7  8  9 10 11 12 |
---------------+-------------------------------------+-----
Fighting       | 3 4 5 6 8 10 12 | 12.0
Ranged Weapons | 6 7 9 10 13 15 | 15.0
Dodging        | 6 10 | 10.0
Evocations     | 3 5 |  5.0
Armour         | 4 5 |  5.0
Invocations    | 6 |  6.4
Stealth        | |  1.3

Action                     |  1- 3 |  4- 6 |  7- 9 | 10-12 || total
---------------------------+-------+-------+-------+-------++-------
   Fire: Shortbow          |    97 |    52 |   269 |   787 ||  1205
  Throw: Throwing net      |       |       |       |     1 ||     1
 Invoke: Recall Ancestor   |       |       |     1 |       ||     1
         Ancestor Life: Kn |       |       |       |     1 ||     1
  Evoke: Wand              |       |     3 |    11 |     5 ||    19
    Use: Scroll            |     2 |     6 |     2 |    13 ||    23
         Potion            |       |       |     4 |     4 ||     8
 Armour: Leather armour    |    20 |     8 |    92 |     4 ||   124
         Steam dragon scal |       |       |       |    34 ||    34
         Troll leather arm |       |       |       |    69 ||    69
  Dodge: Dodged            |    30 |    12 |   153 |   299 ||   494

Table legend: (Time is in decaauts)
 A = Elapsed time spent in this place.
 B = Non-inter-level travel time spent in this place.
 C = Inter-level travel time spent in this place.
 D = Time resting spent in this place.
 E = Time spent auto-exploring this place.
 F = Levels seen in this place.
 G = Mean time per level.
                   A        B        C        D        E       F      G
               +--------+--------+--------+--------+--------+-----+--------+
         Total |  12992 |  12287 |    705 |   2288 |   8235 |  13 |  999.4 |
       Dungeon |  12967 |  12285 |    682 |   2288 |   8235 |  12 | 1080.6 |
        Temple |     24 |      1 |     23 |      0 |      0 |   1 |   24.0 |
               +--------+--------+--------+--------+--------+-----+--------+

Top non-repeatable levels by time:
     D:7: 1745 daAuts
     D:9: 1720 daAuts
     D:5: 1390 daAuts
     D:6: 1241 daAuts
    D:10: 1021 daAuts
     D:3: 962 daAuts
    D:11: 922 daAuts
    D:12: 871 daAuts
     D:4: 845 daAuts
     D:1: 770 daAuts
     D:8: 757 daAuts
     D:2: 718 daAuts
  Temple: 24 daAuts
